 Dungeon Crawl Stone Soup version 0.27.1-33-g824d729ab1 (webtiles) character file.

Game seed: 10506649478728007347

5805 raph the Summoner (level 10, -1/59 HPs)
             Began as a Tengu Summoner on Dec 11, 2021.
             Was a Priest of Vehumet.
             Slain by a blink frog (6 damage)
             ... on level 1 of the Lair of Beasts.
             The game lasted 00:30:56 (14823 turns).

raph the Summoner (Tengu Summoner)                 Turns: 14823, Time: 00:30:56

Health: -1/59      AC:  6    Str:  8    XL:     10   Next: 79%
Magic:  2/20       EV: 18    Int: 21    God:    Vehumet [***...]
Gold:   454        SH:  5    Dex: 15    Spells: 1/21 levels left

rFire    + . .     SeeInvis .   a - +5 dagger (venom)
rCold    + . .     Faith    .   (no shield)
rNeg     . . .     Spirit   .   j - +2 robe {rC+ rF+}
rPois    +         Reflect  +   f - +1 hat {Will+}
rElec    .         Harm     .   h - +0 cloak
rCorr    +         Rampage  .   (no gloves)
Will     ++...                  (boots unavailable)
Stlth    ++++......             t - amulet of Fycug {Reflect rPois rCorr Int+2 SH+5 Stlth+}
HPRegen  0.19/turn              x - ring of poison resistance
MPRegen  0.17/turn              D - ring of willpower

@: flying quickly and evasively, quick
A: beak, talons 3, nimble flight
a: Renounce Religion


You were on level 1 of the Lair of Beasts.
You worshipped Vehumet.
Vehumet was most pleased with you.
You visited 3 branches of the dungeon, and saw 11 of its levels.
You also visited: Ossuary.

You collected 454 gold pieces.

Inventory:

Hand Weapons
 a - a +5 dagger of venom (weapon)
 c - a +0 dagger of draining
 l - a +2 whip of pain
 w - a +3 dagger of freezing
Missiles
 g - 6 silver javelins
Armour
 f - a +1 hat of willpower (worn)
 h - a +0 cloak (worn)
 j - a +2 robe of resistance (worn)
Jewellery
 t - the amulet of Fycug (around neck) {Reflect rPois rCorr Int+2 SH+5 Stlth+}
   (You acquired it on level 1 of the Lair of Beasts)

   [amulet of reflection]

   It reflects blocked missile attacks.
   Int:       It affects your intelligence (+2).
   rPois:     It protects you from poison.
   rCorr:     It protects you from acid and corrosion.
   SH:        It affects your SH (+5).
   Stlth:     It makes you more stealthy.
 u - the amulet "Fojyu" {Reflect Dex+3 SH+5}
   (You found it on level 6 of the Dungeon)

   [amulet of reflection]

   It reflects blocked missile attacks.
   Dex:       It affects your dexterity (+3).
   SH:        It affects your SH (+5).
 x - a ring of poison resistance (left hand)
 D - a ring of willpower (right hand)
Wands
 k - a wand of acid (13)
Scrolls
 r - a scroll of teleportation
 y - a scroll of enchant weapon
 z - a scroll of blinking
 C - 2 scrolls of silence
Potions
 b - 2 potions of curing
 d - 3 potions of attraction
 e - 3 potions of lignification
 i - 3 potions of mutation
 m - a potion of magic
 n - a potion of cancellation
 o - 2 potions of haste
 p - 2 potions of berserk rage
 q - 2 potions of brilliance
 s - a potion of might
 A - a potion of resistance {unknown}


   Skills:
 + Level 5.4 Fighting
 + Level 6.9 Dodging
 + Level 6.7 Stealth
 * Level 6.2 Spellcasting
 - Level 3.0 Conjurations
 + Level 9.8 Summonings
 - Level 4.2 Necromancy
 * Level 7.0 Air Magic
 + Level 1.6 Poison Magic


You had one spell level left.
You knew the following spells:

 Your Spells              Type           Power      Damage    Failure   Level
a - Summon Small Mammal   Summ           100%       N/A       1%          1
b - Call Imp              Summ           47%        N/A       1%          2
c - Call Canine Familiar  Summ           47%        N/A       1%          3
d - Pain                  Necr           96%        1d8       1%          1
e - Passwall              Tmut/Erth      5%         N/A       14%         2
f - Magic Dart            Conj           76%        1d6       1%          1
g - Summon Lightning Spi  Summ/Air       42%        N/A       3%          4
h - Poisonous Vapours     Pois/Air       48%        N/A       1%          2
i - Olgreb's Toxic Radia  Pois           13%        N/A       13%         4

Your spell library contained the following spells:

 Spells                   Type           Power      Damage    Failure   Level
 Static Discharge         Conj/Air       27%        N/A       1%          2
 Swiftness                Air            36%        N/A       1%          3
 Summon Guardian Golem    Hex/Summ       27%        N/A       3%          3
 Sticky Flame             Conj/Fire      12%        2d4       13%         4
 Dispel Undead            Necr           24%        3d12      17%         4
 Gell's Gravitas          Tloc           3%         N/A       28%         3
 Teleport Other           Tloc           6%         N/A       28%         3
 Tukima's Dance           Hex            6%         N/A       28%         3
 Agony                    Necr           24%        N/A       43%         5
 Excruciating Wounds      Necr           12%        N/A       43%         5
 Yara's Violent Unravell  Hex/Tmut       3%         3d4       54%         5
 Passage of Golubria      Tloc           N/A        N/A       67%         4
 Dispersal                Tloc           3%         N/A       100%        6
 Invisibility             Hex            3%         N/A       100%        6


Dungeon Overview and Level Annotations

Branches:
Dungeon (9/15)             Temple (1/1) D:5            Lair (1/6) D:8
Ossuary (visited)
    Orc: D:9-12

Altars:
Ashenzari
Cheibriados
Dithmenos
Fedhas
Gozag
Hepliaklqana
Kikubaaqudgha
Makhleb
Nemelex Xobeh
Okawaru
Qazlal
Ru
Sif Muna
Trog
Uskayaw
Vehumet
Wu Jian
Xom
Yredelemnul
Zin
The Shining One

Shops:
D:5 :


Innate Abilities, Weirdness & Mutations

You have a beak for a mouth.
You have claws for feet.
Your magical nature lets you fly swiftly and evasively.


Message History

The blink frog looks more healthy.
The blink frog blinks!
The blink frog closely misses you.
The blink frog looks more healthy.
You feel much better. The blink frog hits you!
The blink frog blinks!
The blink frog completely misses you.
You hit the blink frog.
The blink frog is poisoned.
The blink frog is heavily wounded.
The blink frog closely misses you. x2
You miss the blink frog.
The blink frog is heavily wounded.
You block the blink frog's attack. The blink frog hits you!
* * * LOW HITPOINT WARNING * * *
You feel much better. The blink frog barely misses you.
The blink frog hits you!
* * * LOW HITPOINT WARNING * * *
The blink frog closely misses you. The blink frog hits you!
* * * LOW HITPOINT WARNING * * *
Blink to where?
Press: ? - help, Dir - move target
As you read the scroll of blinking, it crumbles to dust.
The blink frog blinks!
As you read the scroll of summoning, it crumbles to dust.
Wisps of shadow whirl around you...
The blink frog blinks!
You swap places.
The blink frog hits your komodo dragon!
Your wyvern misses the blink frog. The blink frog hits your komodo dragon!
The blink frog blinks!
Casting: Olgreb's Toxic Radiance (dangerous; 13% risk of failure)
Confirm with . or Enter, or press ? or * to list all spells.
A beastly little devil appears in a puff of frigid air.
The blink frog blinks!
The blink frog barely misses your komodo dragon.
Your wyvern barely misses the blink frog.
Your white imp closely misses the blink frog.
You closely miss the blink frog.
The blink frog is heavily wounded.
The blink frog hits your white imp.
Your white imp hits the blink frog.
The blink frog dies!
Vehumet accepts your kill. The blink frog hits you.
You die...

#.##...........# .. +.
#.##.....##....# ... #F
##..###..###....# #### #.
#..#####.##.....## #.
##..............P#########§
#................§....†§†.
##....†.F......†...........
#P.....5..........5........
##......lF@................
#.....l.................!.
#.######.#.......##..#####
#........#.............
#.+......#.......+......
#.#......#.......#.$..!.
##................
#.........#.......
##.........


You could see 2 blink frogs, a friendly komodo dragon (summoned), a friendly
wyvern (summoned) and a friendly white imp (summoned).

Vanquished Creatures
  A two-headed ogre (D:8)
  Prince Ribbit (D:5)
  A blink frog (Lair:1)
  5 yaks (Lair:1)
  Edmund (D:6)
  A water moccasin (Lair:1)
  An orc warrior (D:8)
  A black bear (D:5)
  An ice beast (D:6)
  A sky beast (D:8)
  An ogre (D:7)
  A centaur (D:6)
  2 phantoms
  3 bullfrogs
  2 kobold brigands
  An elf zombie (D:8)
  A wyvern zombie (D:8)
  2 elf skeletons (D:8)
  A scorpion (D:6)
  A wyvern skeleton (D:6)
  A water moccasin skeleton (D:6)
  A killer bee (D:7)
  5 wights
  An electric eel (D:7)
  2 centaur zombies (D:8)
  A jelly (D:7)
  A centaur skeleton (D:7)
  A hound (D:6)
  3 orc priests
  A human skeleton (D:8)
  A bullfrog skeleton (D:6)
  Jessica (D:2)
  3 iguanas
  3 orc wizards (D:8)
  12 mummies (Ossuary)
  2 gnolls (D:5)
  A howler monkey zombie (D:8)
  8 adders
  A shadow imp (D:5)
  A white imp (D:5)
  2 worms
  2 dart slugs
  26 orcs
  4 ball pythons
  4 bats
  5 endoplasms
  5 giant cockroaches
  5 goblins
  6 hobgoblins
  3 jackals (D:5)
  9 kobolds
  6 quokkas
  A frilled lizard (D:3)
  3 gnoll skeletons (Ossuary)
  2 goblin skeletons (Ossuary)
  3 kobold skeletons (Ossuary)
  An orc skeleton (D:8)
  An orc zombie (D:8)
  5 rats
  11 rat skeletons (Ossuary)
183 creatures vanquished.

Vanquished Creatures (collateral kills)
  A hydra (Lair:1)
  A two-headed ogre (D:8)
  A blink frog (Lair:1)
  4 yaks (Lair:1)
  A hornet zombie (D:7)
  3 black bears
  2 centaurs
  An ogre (D:4)
  A gnoll sergeant (D:5)
  2 scorpions
  3 wights
  A lava snake (D:7)
  An orc priest (D:4)
  A bullfrog skeleton (D:5)
  A jelly (D:5)
  Ijyb (D:4)
  An iguana (D:4)
  An adder (D:3)
  5 gnolls (D:5)
  A white imp (D:7)
  A worm (D:4)
  2 dart slugs
  8 orcs
  An endoplasm (D:1)
  2 goblins
  A hobgoblin (D:2)
  3 jackals (D:3)
  6 kobolds
  A quokka (D:2)
  A ball python (D:2)
  2 frilled lizards
61 creatures vanquished.

Vanquished Creatures (others)
  An orc (D:5)
  3 fungi (Lair:1)
  5 plants (Lair:1)
9 creatures vanquished.

Grand Total: 253 creatures vanquished

Notes
Turn   | Place    | Note
-------+----------+-------------------------------------------
     0 | D:1      | raph the Tengu Summoner began the quest for the Orb.
     0 | D:1      | Reached XP level 1. HP: 10/10 MP: 4/4
   378 | D:1      | Reached skill level 5 in Summonings
   535 | D:1      | Reached XP level 2. HP: 12/15 MP: 3/6
   681 | D:1      | Learned a level 2 spell: Call Imp
  1189 | D:2      | Reached XP level 3. HP: 13/19 MP: 1/7
  1483 | D:2      | Learned a level 3 spell: Call Canine Familiar
  2251 | D:2      | Noticed Jessica
  2254 | D:2      | Killed Jessica
  2255 | D:2      | Reached XP level 4. HP: 24/24 MP: 8/8
  3456 | D:4      | Reached skill level 6 in Summonings
  3456 | D:4      | Gained mutation: Your magical nature lets you fly swiftly
                  | and evasively. [Tengu growth]
  3456 | D:4      | Reached XP level 5. HP: 28/28 MP: 10/10
  3707 | D:4      | Noticed a phantom
  3745 | D:3      | Killed a phantom
  4036 | D:4      | Reached skill level 1 in Fighting
  4175 | D:4      | Reached XP level 6. HP: 34/34 MP: 5/11
  4238 | D:4      | Noticed Ijyb
  4251 | D:4      | Killed Ijyb
  4380 | D:4      | Identified the +3 mace of Hairy Resourcefulness {flame,
                  | Str+5 Int-5}
  4922 | D:4      | Learned a level 1 spell: Pain
  4940 | D:4      | You are sucked into a shaft and drop 3 floors!
  5017 | D:7      | Reached skill level 7 in Summonings
  5017 | D:7      | Reached XP level 7. HP: 39/39 MP: 12/12
  5122 | D:5      | Entered Level 5 of the Dungeon
  5128 | D:5      | Found Lasot's Book Shop.
  5151 | D:5      | Reached skill level 1 in Necromancy
  5290 | D:5      | Found a staircase to the Ecumenical Temple.
  5306 | D:5      | Found an ornate altar of the Wu Jian Council.
  5350 | Temple   | Entered the Ecumenical Temple
  5610 | Temple   | Became a worshipper of Vehumet
  5629 | D:5      | Noticed Prince Ribbit
  5641 | D:5      | Killed Prince Ribbit
  6148 | D:5      | Learned a level 2 spell: Passwall
  6262 | D:5      | Reached XP level 8. HP: 43/45 MP: 7/14
  6440 | D:5      | Reached * piety under Vehumet
  6440 | D:5      | Offered knowledge of Magic Dart by Vehumet.
  6964 | D:6      | Identified the amulet "Fojyu" {Reflect Dex+3 SH+5}
  7025 | D:6      | Reached skill level 8 in Summonings
  7686 | D:6      | Found a basalt altar of Yredelemnul.
  7688 | D:6      | Found a hide-covered altar of Uskayaw.
  7737 | D:6      | Learned a level 1 spell: Magic Dart
  7868 | D:6      | Noticed Edmund
  7968 | D:6      | Killed Edmund
  7969 | D:6      | Reached skill level 1 in Conjurations
  8214 | D:6      | Reached skill level 5 in Dodging
  8307 | D:6      | Reached skill level 5 in Stealth
  8333 | D:6      | Reached XP level 9. HP: 30/52 MP: 10/16
  8849 | D:6      | Learned a level 4 spell: Summon Lightning Spire
  9376 | D:7      | Reached skill level 1 in Air Magic
 11745 | D:8      | Found a sand-covered staircase.
 11750 | Ossuary  | Entered an ossuary
 11788 | Ossuary  | Reached ** piety under Vehumet
 11788 | Ossuary  | Offered knowledge of Poisonous Vapours by Vehumet.
 11800 | Ossuary  | Learned a level 2 spell: Poisonous Vapours
 11861 | Ossuary  | Reached skill level 9 in Summonings
 12101 | Ossuary  | Offered knowledge of Mephitic Cloud by Vehumet.
 12200 | D:8      | Reached skill level 5 in Spellcasting
 12447 | D:8      | Reached *** piety under Vehumet
 13196 | D:8      | Found a broken altar of Ashenzari.
 13196 | D:8      | Found an opulent altar of Gozag.
 13292 | D:8      | Noticed a two-headed ogre
 13297 | D:8      | Noticed a two-headed ogre
 13584 | D:8      | Killed a two-headed ogre
 13585 | D:8      | Reached skill level 5 in Air Magic
 13585 | D:8      | Reached XP level 10. HP: 58/58 MP: 2/18
 13604 | D:8      | Killed a two-headed ogre
 13604 | D:8      | Offered knowledge of Olgreb's Toxic Radiance by Vehumet.
 13843 | D:8      | Reached skill level 5 in Fighting
 13934 | D:8      | Found a staircase to the Lair.
 13970 | D:8      | Learned a level 4 spell: Olgreb's Toxic Radiance
 14255 | Lair:1   | Entered Level 1 of the Lair of Beasts
 14344 | Lair:1   | Noticed an eight-headed hydra
 14375 | Lair:1   | Killed an eight-headed hydra
 14517 | Lair:1   | Identified a scroll of acquirement
 14517 | Lair:1   | Acquired the amulet of Fycug {Reflect rPois rCorr Int+2
                  | SH+5 Stlth+}
 14681 | Lair:1   | Reached skill level 1 in Poison Magic
 14823 | Lair:1   | Slain by a blink frog

Illustrated notes

Levels and vault maps discovered:
D:1:      lemuel_arrival_cross, layout_basic, minmay_pentomino_q4
D:2:      wad_pebble_path, layout_loops_ring, uniq_jessica
D:3:      layout_basic, kennysheep_generic_room_4
D:4:      layout_cave_pods, uniq_ijyb
D:5:      layout_basic, kennysheep_mini, minmay_temple_entry_glass,
          gup_sewer_entry_spiral, serial_shops, shop, uniq_prince_ribbit1
D:6:      layout_basic, gammafunk_temple_overflow_pools, kennysheep_dice,
          uniq_edmund
D:7:      minmay_evil_eye, layout_basic, nicolae_lava_and_water
D:8:      layout_loops_ring, jmf_multi_god_temple, lair_entry_dummy,
          nicolae_ossuary_entry_catacombs
D:9:      layout_loops_ring, mainiacjoe_overflow_24_doors, serial_shops,
          nicolae_shop_trees, nrook_mini_backslash, uniq_pikel
Temple:   eino_temple_scatter_basement
Lair:1:   layout_regular_city

Skill      XL: |  1  2  3  4  5  6  7  8  9 10 |
---------------+-------------------------------+-----
Summonings     | 5 6 7 8 9 |  9.8
Dodging        | 3 4 5 6 |  6.9
Stealth        | 3 4 5 6 |  6.7
Fighting       | 1 2 3 4 5 |  5.4
Spellcasting   | 3 4 5 6 |  6.2
Necromancy     | 2 3 4 |  4.2
Conjurations   | 2 3 |  3.0
Air Magic      | 5 7 |  7.0
Poison Magic   | 1 |  1.6

Action                   |  1- 3 |  4- 6 |  7- 9 | 10-12 || total
-------------------------+-------+-------+-------+-------++-------
Melee: Unarmed           |    10 |       |       |       ||    10
       Dagger            |    58 |    69 |   377 |    41 ||   545
       Kick              |    20 |    15 |   112 |    11 ||   158
       Peck              |     7 |    12 |    73 |     8 ||   100
Throw: Javelin           |       |     1 |       |       ||     1
 Cast: Summon Small Mamm |    20 |     6 |     9 |       ||    35
       Call Imp          |     8 |    20 |    80 |     8 ||   116
       Call Canine Famil |     4 |    11 |    24 |     2 ||    41
       Pain              |       |       |    28 |       ||    28
       Magic Dart        |       |       |    12 |     4 ||    16
       Summon Lightning  |       |       |     6 |     2 ||     8
       Olgreb's Toxic Ra |       |       |       |     6 ||     6
Evoke: Wand              |       |       |       |     2 ||     2
  Use: Scroll            |       |    12 |    15 |     3 ||    30
       Potion            |       |       |     1 |     3 ||     4
 Stab: Sleeping          |     5 |     4 |    23 |     4 ||    36
       Distracted        |     1 |       |     1 |       ||     2
Armor: Robe              |    24 |    13 |    49 |    12 ||    98
Dodge: Dodged            |    53 |    49 |   270 |    57 ||   429
Block: Other             |       |       |    64 |    15 ||    79
       Reflection        |       |       |     5 |       ||     5
